[Event "ICC tourney 2520 (60 10)"]
[Site "Internet Chess Club"]
[Date "2021.04.18"]
[Round "4"]
[White "OWUSU-BOAKYE, NANA:NanaKwame102012"]
[Black "Sun, Aiden:aiden0613"]
[Result "0-1"]
[ICCResult "White checkmated"]
[WhiteElo "532"]
[BlackElo "722"]
[Opening "Giuoco Piano"]
[ECO "C50"]
[NIC "IG.02"]
[Time "10:02:20"]
[PlyCount "136"]
[TimeControl "3600+10"]

1. e4 e5 2. Nf3 Nc6 3. Bc4 Bc5 4. O-O Nf6 5. Ng5 O-O 6. Nc3 h6 7. Nf3 d6 8.
d3 Bg4 9. h3 Bh5 10. g4 Bg6 11. Nd5 Nxd5 12. exd5 Nd4 13. c3 Nxf3+ 14. Qxf3
f5 15. Qg3 fxg4 16. Qxg4 Qf6 17. Be3 Bf5 18. Qg2 Qh4 19. Bxc5 dxc5 20. Qh2
Qxh3 21. Qxh3 Bxh3 22. Rfe1 Rae8 23. d6+ Kh7 24. dxc7 Rc8 25. Rxe5 Rxc7 26.
Rh5 Bf5 27. Re1 Bg6 28. Rh2 Rf3 29. Re3 Rxe3 30. fxe3 Re7 31. Re2 Bf7 32.
Rf2 Bxc4 33. dxc4 Rxe3 34. Rf7 Re1+ 35. Kf2 Ra1 36. Rxb7 Rxa2 37. Rb5 a6
38. Rxc5 Rxb2+ 39. Ke3 Rb6 40. Ra5 Kg6 41. c5 Re6+ 42. Kd4 Kf7 43. Kd5 Ke7
44. c4 Kd7 45. Ra1 Rg6 46. Kd4 Rg4+ 47. Kd5 Rg5+ 48. Ke4 Rxc5 49. Kd4 Rc6
50. c5 g5 51. Rd1 Kc7 52. Kd5 a5 53. Re1 Rg6 54. Re7+ Kd8 55. Ra7 g4 56.
Rxa5 g3 57. Ra1 g2 58. Rg1 h5 59. Ke5 h4 60. Kf5 Rg8 61. Kf4 h3 62. Kf3 Kc7
63. Kf2 Kc6 64. Rc1 h2 65. Ke1 g1=Q+ 66. Kd2 Qxc1+ 67. Kxc1 Rg2 68. Kd1
h1=Q# { White checkmated } 0-1

[Event "ICC tourney 2520 (60 10)"]
[Site "Internet Chess Club"]
[Date "2021.04.18"]
[Round "4"]
[White "CALABIA, CONNOR:Connor4Chess"]
[Black "GOLDSAND, MAX:MaxGR"]
[Result "0-1"]
[ICCResult "White checkmated"]
[WhiteElo "496"]
[BlackElo "654"]
[Opening "Sicilian defense"]
[ECO "B20"]
[NIC "SI.48"]
[Time "10:02:28"]
[PlyCount "44"]
[TimeControl "3600+10"]

1. e4 c5 2. Bc4 e6 3. Nf3 Nc6 4. d3 d5 5. Ng5 dxc4 6. Qf3 Nf6 7. b3 cxd3 8.
cxd3 Nd4 9. Qf4 Nc2+ 10. Kd1 Nxa1 11. Bb2 Nxb3 12. axb3 Bd6 13. e5 Bc7 14.
Ba3 b6 15. Bb2 O-O 16. Qh4 h6 17. exf6 Qxd3+ 18. Nd2 Rd8 19. Bc1 Qxb3+ 20.
Ke1 Qc2 21. Ke2 Ba6+ 22. Ke3 Qd3# { White checkmated } 0-1

[Event "ICC tourney 2520 (60 10)"]
[Site "Internet Chess Club"]
[Date "2021.04.18"]
[Round "4"]
[White "GIORGIO, FRANCESCA:FrankieG"]
[Black "BABENKO, NAOMI:Naomib"]
[Result "1-0"]
[ICCResult "Black checkmated"]
[WhiteElo "284"]
[BlackElo "100"]
[Opening "Four knights: Ranken variation"]
[ECO "C48"]
[NIC "KP.03"]
[Time "10:03:50"]
[PlyCount "51"]
[TimeControl "3600+10"]

1. e4 e5 2. Nf3 Nc6 3. Nc3 Nf6 4. Bb5 a6 5. Bxc6 bxc6 6. O-O Bc5 7. Nxe5
O-O 8. d4 Bb6 9. Nc4 d6 10. e5 dxe5 11. dxe5 Ne8 12. Qxd8 a5 13. Nxb6 Ra6
14. Nxc8 f6 15. Ne7+ Kh8 16. Ne4 h6 17. Ng6+ Kg8 18. Nxf8 Kxf8 19. Qd7 f5
20. Nc5 Rb6 21. Qxf5+ Ke7 22. Qd7+ Kf8 23. Ne6+ Kg8 24. Qxe8+ Kh7 25. Qf7
Kh8 26. Qxg7# { Black checkmated } 1-0

[Event "ICC tourney 2520 (60 10)"]
[Site "Internet Chess Club"]
[Date "2021.04.18"]
[Round "4"]
[White "YARYSHKIN, BRUCE:donutbruce"]
[Black "GORDON, RYAN:RJMagnus"]
[Result "0-1"]
[ICCResult "White checkmated"]
[WhiteElo "355"]
[BlackElo "633"]
[Opening "KP: Patzer opening"]
[ECO "C20"]
[NIC "KP.10"]
[Time "10:02:38"]
[PlyCount "66"]
[TimeControl "3600+10"]

1. e4 e5 2. Qh5 Nc6 3. Bc4 g6 4. Qf3 Qf6 5. d3 Qxf3 6. Nxf3 Nf6 7. Ng5 d5
8. Bxd5 Nxd5 9. exd5 Nd4 10. Kd2 Bh6 11. Kc3 Bxg5 12. Bxg5 O-O 13. Bf6 Re8
14. Re1 b5 15. f4 b4+ 16. Kd2 Bb7 17. Bxe5 c5 18. Bxd4 cxd4 19. Rf1 Bxd5
20. g4 Rac8 21. f5 gxf5 22. Rxf5 Be6 23. Rb5 Rb8 24. Rc5 Rbc8 25. Rg5+ Kf8
26. Kc1 b3 27. axb3 Bxb3 28. Rxa7 Rxc2+ 29. Kd1 Rc5+ 30. Kd2 Rxg5 31. Na3
Rxg4 32. Nb5 Rg2+ 33. Kc1 Re1# { White checkmated } 0-1

[Event "ICC tourney 2520 (60 10)"]
[Site "Internet Chess Club"]
[Date "2021.04.18"]
[Round "4"]
[White "LIANG, KEVIN:Kingkevin13"]
[Black "LUCAS, WILLIAM:Williaml"]
[Result "1-0"]
[ICCResult "Black checkmated"]
[WhiteElo "105"]
[BlackElo "445"]
[Opening "Queen's pawn, Mason variation"]
[ECO "D00"]
[NIC "QP.08"]
[Time "10:02:45"]
[PlyCount "129"]
[TimeControl "3600+10"]

1. d4 d5 2. Bf4 Bf5 3. Nf3 Nf6 4. e3 e6 5. Nbd2 Bb4 6. c3 Ba5 7. Be2 Nc6 8.
Ne5 Nxe5 9. dxe5 Ne4 10. Nxe4 Bxe4 11. f3 Bg6 12. Qa4+ c6 13. O-O b5 14.
Qd1 d4 15. exd4 Qh4 16. Bg3 Qe7 17. Bd3 Bxd3 18. Qxd3 Bb6 19. Bf2 O-O 20.
Rac1 a6 21. c4 Qd7 22. c5 Bxc5 23. Rxc5 Rab8 24. Qe4 Rfc8 25. Rfc1 Rb6 26.
Be1 a5 27. Bxa5 Ra6 28. Be1 f5 29. Qc2 Rxa2 30. Rxc6 Rca8 31. Rc8+ Kf7 32.
Rxa8 Rxa8 33. Qc7 Qxc7 34. Rxc7+ Kg6 35. Rb7 Ra1 36. Rxb5 Rxe1+ 37. Kf2 Rb1
38. Ke2 Kf7 39. Kd2 Ke7 40. Kc2 Ra1 41. Rb7+ Kd8 42. Rxg7 h5 43. Rh7 Ra2
44. Rxh5 Ke7 45. Rh7+ Kf8 46. Rb7 Ke8 47. Rb6 Kd7 48. Rb3 Ke7 49. Ra3 Rxa3
50. bxa3 Kd7 51. f4 Kc6 52. Kc3 Kb5 53. h3 Ka4 54. g4 Kxa3 55. gxf5 exf5
56. e6 Ka4 57. e7 Kb5 58. e8=Q+ Kb6 59. Qe6+ Kb7 60. Qxf5 Kb8 61. Qd7 Ka8
62. Kb4 Kb8 63. Kb5 Ka8 64. Kb6 Kb8 65. Qb7# { Black checkmated } 1-0

[Event "ICC tourney 2520 (60 10)"]
[Site "Internet Chess Club"]
[Date "2021.04.18"]
[Round "4"]
[White "WARREN, MICHAEL C:c30mw"]
[Black "FLEISCHAUER, LEO:LeoFps130"]
[Result "1/2-1/2"]
[ICCResult "Game drawn by mutual agreement"]
[WhiteElo "264"]
[BlackElo "607"]
[Opening "French defense"]
[ECO "C00"]
[NIC "FR.01"]
[Time "10:02:39"]
[PlyCount "31"]
[TimeControl "3600+10"]

1. e4 e6 2. Nc3 d5 3. exd5 exd5 4. d4 Nf6 5. Nf3 Bd6 6. Bg5 O-O 7. Nxd5
Bb4+ 8. Nxb4 Qe7+ 9. Be2 Qxb4+ 10. c3 Qxb2 11. Bxf6 gxf6 12. c4 Re8 13. Nd2
Qxd4 14. Rc1 Qb2 15. Rc2 Qe5 16. Nf3 { Game drawn by mutual agreement }
1/2-1/2

[Event "ICC tourney 2520 (60 10)"]
[Site "Internet Chess Club"]
[Date "2021.04.18"]
[Round "4"]
[White "BIRUDAVOLU, SATHVIK:Vikki24"]
[Black "LaRose, Benjamin:benlarose"]
[Result "1-0"]
[ICCResult "Black checkmated"]
[WhiteElo "631"]
[BlackElo "450"]
[Opening "Vienna game"]
[ECO "C26"]
[NIC "VG.02"]
[Time "10:02:42"]
[PlyCount "121"]
[TimeControl "3600+10"]

1. e4 e5 2. Bc4 Nf6 3. Nc3 Bc5 4. h3 d6 5. Nf3 O-O 6. O-O c6 7. Qe2 Be6 8.
Bxe6 fxe6 9. d3 d5 10. exd5 cxd5 11. a3 Nc6 12. Nxe5 Nxe5 13. Qxe5 Qd6 14.
Qxd6 Bxd6 15. Nb5 Be5 16. d4 a6 17. dxe5 axb5 18. exf6 Rxf6 19. Bg5 Rf5 20.
Be7 Re8 21. Bb4 e5 22. c3 d4 23. cxd4 exd4 24. Rad1 Rd5 25. Rd3 Kf7 26.
Rfd1 Re4 27. f3 Rf4 28. g4 Ke6 29. Bd2 Rf6 30. Bc1 Ke5 31. Be3 Rfd6 32. Bf2
Rd7 33. Bg3+ Kf6 34. f4 g5 35. f5 h5 36. gxh5 Kxf5 37. h6 Kg6 38. h7 Kxh7
39. Bf2 Kg6 40. Kg2 Kf5 41. Kf3 Ke5 42. Bg3+ Kf5 43. Bh2 Kf6 44. Ke4 Re7+
45. Kxd5 Rd7+ 46. Ke4 Re7+ 47. Kf3 Kf5 48. Rxd4 Kg6 49. Rd6+ Kg7 50. Rd7
Rxd7 51. Rxd7+ Kg6 52. Rxb7 Kh5 53. Rxb5 Kg6 54. a4 Kh5 55. a5 Kg6 56. a6
Kh5 57. a7 Kg6 58. a8=Q Kh5 59. Qa7 Kh6 60. Rb6+ Kh5 61. Qh7# { Black
checkmated } 1-0

[Event "ICC tourney 2520 (60 10)"]
[Site "Internet Chess Club"]
[Date "2021.04.18"]
[Round "4"]
[White "Agarwal, Rohan:rohanagarwal"]
[Black "LOPEZ, RUBI:Rubilopez05"]
[Result "1-0"]
[ICCResult "Black checkmated"]
[WhiteElo "179"]
[BlackElo "109"]
[Opening "Four knights: Spanish variation"]
[ECO "C48"]
[NIC "KP.03"]
[Time "10:02:47"]
[PlyCount "71"]
[TimeControl "3600+10"]

1. e4 e5 2. Nf3 Nc6 3. Nc3 Nf6 4. Bb5 d5 5. exd5 a6 6. Bxc6+ bxc6 7. dxc6
Bb4 8. Nxe5 O-O 9. O-O Qe8 10. Nc4 Be6 11. Ne3 a5 12. d4 Rd8 13. Bd2 Bd7
14. Nc4 Bxc6 15. Ne5 Qe6 16. Bg5 Rxd4 17. Qxd4 Qf5 18. Bxf6 Qg6 19. Ng4 Bb7
20. Be7 Qc6 21. Ne3 Qxg2+ 22. Nxg2 Bxg2 23. Kxg2 Re8 24. Bd6 Re6 25. Bxb4
Rg6+ 26. Kh1 f6 27. Qd8+ Kf7 28. Qe7+ Kg8 29. Qd8+ Kf7 30. Qxc7+ Ke6 31.
Qxa5 Rg5 32. Qb6+ Kf7 33. Rfe1 Rg1+ 34. Rxg1 Kg8 35. Qa7 Kh8 36. Qa8# {
Black checkmated } 1-0

[Event "ICC tourney 2520 (60 10)"]
[Site "Internet Chess Club"]
[Date "2021.04.18"]
[Round "4"]
[White "ALAGAPPAN, MUTHU KUMARAN:MKAL2012"]
[Black "MOGHE, ARJUN CHAITANYA:Galactico7"]
[Result "0-1"]
[ICCResult "White checkmated"]
[WhiteElo "791"]
[BlackElo "340"]
[Opening "King's gambit"]
[ECO "C30"]
[NIC "KG.05"]
[Time "10:02:21"]
[PlyCount "92"]
[TimeControl "3600+10"]

1. e4 e5 2. f4 d6 3. fxe5 Qh4+ 4. g3 Qxe4+ 5. Ne2 Qxh1 6. h3 Bxh3 7. Ng1
Qxg1 8. Qe2 Qxf1+ 9. Qxf1 Bxf1 10. Kxf1 Be7 11. exd6 cxd6 12. Nc3 Nc6 13.
Nd5 O-O-O 14. Nxe7+ Ngxe7 15. d4 Nxd4 16. c3 Ndc6 17. Be3 Nf5 18. Bf2 Rde8
19. Rc1 Kb8 20. c4 Rc8 21. c5 dxc5 22. Rxc5 Nce7 23. Ra5 a6 24. Kg1 Rc1+
25. Kh2 Rc2 26. Kg1 Rxb2 27. Kf1 Rc8 28. Re5 Rc1+ 29. Re1 Rxe1+ 30. Kxe1
Rxa2 31. Kf1 Ra3 32. Kg2 b5 33. g4 Ne3+ 34. Bxe3 Rxe3 35. Kf2 Re6 36. Kf3
b4 37. Kf4 b3 38. Kg5 b2 39. Kh5 b1=Q 40. Kg5 Qb5+ 41. Kf4 Qc4+ 42. Kg5
Qd5+ 43. Kh4 Ng6+ 44. Kg3 Re3+ 45. Kf2 Qd2+ 46. Kf1 Re1# { White checkmated
} 0-1

[Event "ICC tourney 2520 (60 10)"]
[Site "Internet Chess Club"]
[Date "2021.04.18"]
[Round "4"]
[White "MUREN, MILES W:GryffindorChess"]
[Black "BLACKWOOD, ZAYARA:Zaya815"]
[Result "1-0"]
[ICCResult "Black checkmated"]
[WhiteElo "626"]
[BlackElo "447"]
[Opening "Giuoco Pianissimo"]
[ECO "C55"]
[NIC "IG.01"]
[Time "10:02:42"]
[PlyCount "69"]
[TimeControl "3600+10"]

1. e4 e5 2. Nf3 Nc6 3. Bc4 Nf6 4. d3 Bc5 5. O-O O-O 6. h3 d6 7. Nc3 Bd7 8.
Bg5 h6 9. Bh4 Bb4 10. Nd5 Nxd5 11. Bxd8 Raxd8 12. Bxd5 a6 13. Bxc6 bxc6 14.
a3 Bc5 15. d4 Ba7 16. dxe5 dxe5 17. Nxe5 Bc8 18. Qe2 Bb7 19. Rad1 Rde8 20.
Nd7 f6 21. Nxf8 Rxf8 22. Rd7 Bc8 23. Rxc7 Be6 24. Rxa7 Rc8 25. Rxa6 Rb8 26.
Rxc6 Re8 27. f4 Kh8 28. f5 Bd7 29. Rc7 Re7 30. Qd3 Kh7 31. Rxd7 Rxd7 32.
Qxd7 Kh8 33. Rf3 Kg8 34. Rg3 Kh7 35. Qxg7# { Black checkmated } 1-0

[Event "ICC tourney 2520 (60 10)"]
[Site "Internet Chess Club"]
[Date "2021.04.18"]
[Round "4"]
[White "LIGHTMAN, ZELDA ANNE:ZeldaLightman"]
[Black "SANCHEZ, JARIEL:ColumbiaJariel"]
[Result "1-0"]
[ICCResult "Black checkmated"]
[WhiteElo "493"]
[BlackElo "305"]
[Opening "Giuoco Piano: four knights variation"]
[ECO "C46"]
[NIC "KP.06"]
[Time "10:02:44"]
[PlyCount "83"]
[TimeControl "3600+10"]

1. e4 e5 2. Nf3 Nc6 3. Nc3 Bc5 4. Bc4 Nf6 5. O-O O-O 6. d3 d6 7. Bg5 h6 8.
Bh4 Bg4 9. h3 Bh5 10. Re1 Bg6 11. Nd5 Nxd5 12. Bxd8 Rfxd8 13. exd5 Ne7 14.
c3 Bb6 15. d4 e4 16. Nh4 Bh7 17. Re3 Nf5 18. Nxf5 Bxf5 19. Rg3 g6 20. f3 e3
21. Qe1 Re8 22. f4 h5 23. Rxe3 Rf8 24. g4 hxg4 25. hxg4 Bxg4 26. Qg3 f5 27.
Qh4 Bh5 28. Bd3 c5 29. dxc5 Bd8 30. Qg3 g5 31. Qh3 Bg4 32. Qh6 gxf4 33.
Bxf5 Bxf5 34. Re2 dxc5 35. Re5 Bd3 36. Re6 f3 37. Rd6 f2+ 38. Kg2 Be4+ 39.
Kh2 Bc7 40. Qg5+ Kf7 41. Qf6+ Ke8 42. Qe6# { Black checkmated } 1-0

[Event "ICC tourney 2520 (60 10)"]
[Site "Internet Chess Club"]
[Date "2021.04.18"]
[Round "4"]
[White "CHU, ELIAS:Checkmate065"]
[Black "RICAUD, LYNN:lricaud"]
[Result "1-0"]
[ICCResult "Black checkmated"]
[WhiteElo "761"]
[BlackElo "551"]
[Opening "Petrov's defense"]
[ECO "C42"]
[NIC "RG.03"]
[Time "10:02:41"]
[PlyCount "257"]
[TimeControl "3600+10"]

1. e4 e5 2. Nf3 Nf6 3. Nxe5 Bd6 4. Nf3 O-O 5. Nc3 Bb4 6. e5 Nh5 7. Bc4 d6
8. O-O Bg4 9. exd6 cxd6 10. h3 Bf5 11. d3 Nc6 12. Ng5 Bxc3 13. bxc3 d5 14.
Bxd5 Qxd5 15. Qxh5 Rad8 16. Qd1 Ne7 17. Be3 Bd7 18. Bxa7 Bc6 19. Nf3 Nf5
20. c4 Qa5 21. Be3 b5 22. cxb5 Qxb5 23. Rb1 Qd5 24. Bb6 Rd7 25. Ra1 Nh4 26.
a4 Rb7 27. Nxh4 Rxb6 28. c4 Qg5 29. Nf3 Qg6 30. d4 Bd7 31. Ne5 Qg5 32. Nxd7
Rg6 33. Qg4 Qd2 34. Qd1 Qc3 35. Nxf8 Kxf8 36. a5 Qxh3 37. g3 f5 38. a6 f4
39. Qf3 Ke7 40. a7 fxg3 41. fxg3 Rxg3+ 42. Qxg3 Qxg3+ 43. Kh1 Qh3+ 44. Kg1
Qg3+ 45. Kh1 Qh3+ 46. Kg1 Qg3+ 47. Kh1 Qh3+ 48. Kg1 Qg3+ 49. Kh1 Qh3+ 50.
Kg1 Qg3+ 51. Kh1 Qh3+ 52. Kg1 Qg3+ 53. Kh1 Qh3+ 54. Kg1 Qg3+ 55. Kh1 Qh3+
56. Kg1 Qg3+ 57. Kh1 Qh3+ 58. Kg1 Qg3+ 59. Kh1 Qh3+ 60. Kg1 Qg3+ 61. Kh1
Qh3+ 62. Kg1 Qg3+ 63. Kh1 Qh3+ 64. Kg1 Qg3+ 65. Kh1 Qh3+ 66. Kg1 Qg3+ 67.
Kh1 Qh3+ 68. Kg1 Qg3+ 69. Kh1 Qh3+ 70. Kg1 Qg3+ 71. Kh1 Qh3+ 72. Kg1 Qg3+
73. Kh1 Qh3+ 74. Kg1 Qg3+ 75. Kh1 Qh3+ 76. Kg1 Qg3+ 77. Kh1 Qh3+ 78. Kg1
Qg3+ 79. Kh1 Qh3+ 80. Kg1 Qg3+ 81. Kh1 Qh3+ 82. Kg1 Qg3+ 83. Kh1 Qh3+ 84.
Kg1 Qg3+ 85. Kh1 Qh3+ 86. Kg1 Qg3+ 87. Kh1 Qh3+ 88. Kg1 Qg3+ 89. Kh1 Qh3+
90. Kg1 Qg3+ 91. Kh1 Qh3+ 92. Kg1 Qg3+ 93. Kh1 Qh3+ 94. Kg1 Qg3+ 95. Kh1
Qh3+ 96. Kg1 Qg3+ 97. Kh1 Qh3+ 98. Kg1 Qg3+ 99. Kh1 Qh3+ 100. Kg1 Qg3+ 101.
Kh1 Qh3+ 102. Kg1 Qg3+ 103. Kh1 Qh3+ 104. Kg1 Qg3+ 105. Kh1 Qh3+ 106. Kg1
Qg3+ 107. Kh1 Qh3+ 108. Kg1 Qg3+ 109. Kh1 Qh3+ 110. Kg1 Qg3+ 111. Kh1 Qh3+
112. Kg1 Qg3+ 113. Kh1 Qh3+ 114. Kg1 Qg3+ 115. Kh1 Qh3+ 116. Kg1 Qg3+ 117.
Kh1 Qh3+ 118. Kg1 Qg3+ 119. Kh1 Qh3+ 120. Kg1 Qg3+ 121. Kh1 Qh3+ 122. Kg1
Qg3+ 123. Kh1 Qh3+ 124. Kg1 Qf3 125. Rxf3 Ke6 126. a8=Q Kd6 127. Qd5+ Kc7
128. Rf7+ Kb6 129. Qc5# { Black checkmated } 1-0

[Event "ICC tourney 2520 (60 10)"]
[Site "Internet Chess Club"]
[Date "2021.04.18"]
[Round "4"]
[White "FOFANA, MARYAM:RPIMaryam"]
[Black "KIRCHNER, OWEN CHRISTIAN:circuitx"]
[Result "1-0"]
[ICCResult "Black checkmated"]
[WhiteElo "100"]
[BlackElo "425"]
[Opening "Giuoco Piano"]
[ECO "C50"]
[NIC "IG.02"]
[Time "10:02:45"]
[PlyCount "157"]
[TimeControl "3600+10"]

1. e4 e5 2. Nf3 Nc6 3. Bc4 Bc5 4. O-O Nf6 5. d3 O-O 6. Bg5 d6 7. Nfd2 h6 8.
Bh4 Qe8 9. Nc3 Nd7 10. Qf3 Nd4 11. Qe3 Nf5 12. Qh3 Nd4 13. Rac1 Ne2+ 14.
Nxe2 Nb6 15. a3 Bxh3 16. gxh3 Na4 17. b3 Nb2 18. b4 Nxc4 19. dxc4 Bb6 20.
Rb1 Qe6 21. Kg2 Qg6+ 22. Ng3 Bd4 23. Nf3 Bc3 24. b5 a6 25. bxa6 Rxa6 26.
Rb3 f5 27. Rxc3 fxe4 28. Nd2 e3 29. Rxe3 Rf4 30. Re4 Rxa3 31. Nb1 Raf3 32.
Rxf4 exf4 33. Kxf3 c5 34. Kxf4 Qf7+ 35. Nf5 Qxc4+ 36. Kg3 Qxf1 37. Nc3 d5
38. Nxd5 Qc1 39. c3 b5 40. Nfe7+ Kf8 41. Ng6+ Kf7 42. Ne5+ Ke6 43. Bd8 c4
44. Nc7+ Kxe5 45. f4+ Qxf4+ 46. Kg2 Qe3 47. Nxb5 Qe2+ 48. Kg3 Kf5 49. Nd4+
Ke4 50. Nxe2 Kd3 51. Nc1+ Kxc3 52. Kh4 Kd4 53. Kh5 c3 54. Kg6 Kc4 55. Kxg7
Kb4 56. Kxh6 c2 57. h4 Kc3 58. Kg6 Kb2 59. Ne2 Kb1 60. h5 Kb2 61. h6 Kb3
62. h7 Kc4 63. h8=Q Kd3 64. Qh5 Kd2 65. Qc5 Kd1 66. Qd4+ Ke1 67. Qc3+ Kd1
68. Qd3+ Ke1 69. Qxc2 Kf1 70. h3 Kg2 71. h4 Kh3 72. h5 Kg4 73. h6 Kf3 74.
h7 Kf2 75. h8=Q Ke3 76. Qa4 Kf3 77. Qh3+ Kxe2 78. Qa2+ Ke1 79. Qh1# { Black
checkmated } 1-0

[Event "ICC tourney 2520 (60 10)"]
[Site "Internet Chess Club"]
[Date "2021.04.18"]
[Round "4"]
[White "ROBINSON, LEO:LeoRps130"]
[Black "Voukadinov, Gary:GaryVouka"]
[Result "0-1"]
[ICCResult "White checkmated"]
[WhiteElo "335"]
[BlackElo "563"]
[Opening "Vienna game"]
[ECO "C27"]
[NIC "VG.02"]
[Time "10:04:53"]
[PlyCount "32"]
[TimeControl "3600+10"]

1. e4 e5 2. Bc4 Nf6 3. Nc3 Nxe4 4. Qe2 Nxc3 5. Qxe5+ Be7 6. Qxc3 O-O 7. b3
Bf6 8. Qg3 Bxa1 9. c3 Re8+ 10. Kf1 Qe7 11. Nf3 b6 12. Bd3 Bb7 13. Qh3 g6
14. g3 Bxf3 15. Kg1 a5 16. Kf1 Qe1# { White checkmated } 0-1

[Event "ICC tourney 2520 (60 10)"]
[Site "Internet Chess Club"]
[Date "2021.04.18"]
[Round "4"]
[White "FOFANA, OMAR:HVOumar"]
[Black "CICCIA, MARTINA:MartinaC"]
[Result "1-0"]
[ICCResult "Black checkmated"]
[WhiteElo "430"]
[BlackElo "263"]
[Opening "Four knights: Italian variation"]
[ECO "C55"]
[NIC "IG.01"]
[Time "10:02:45"]
[PlyCount "73"]
[TimeControl "3600+10"]

1. e4 e5 2. Nf3 Nc6 3. Bc4 Nf6 4. Nc3 Bb4 5. a3 Bxc3 6. bxc3 O-O 7. O-O
Nxe4 8. d3 Nf6 9. Bg5 Qe8 10. Qe2 Ng4 11. h3 d5 12. Bxd5 Nf6 13. Bxf6 Nb8
14. Bxe5 c6 15. Be4 Nd7 16. Bd4 Nf6 17. Qe3 c5 18. Bxc5 Bf5 19. Nh4 Bxe4
20. dxe4 Nxe4 21. Nf5 Rd8 22. f3 Qc6 23. Bxf8 Rxf8 24. Rad1 Re8 25. Rd4 Ng3
26. Qg5 Ne2+ 27. Kh1 g6 28. Rd2 Ng3+ 29. Nxg3 Qxc3 30. Nf5 h6 31. Qxh6 Qf6
32. Nd6 Re6 33. Rfd1 Re5 34. Ne4 Qe6 35. Rd8+ Qe8 36. Rxe8+ Rxe8 37. Nf6# {
Black checkmated } 1-0

[Event "ICC tourney 2520 (60 10)"]
[Site "Internet Chess Club"]
[Date "2021.04.18"]
[Round "4"]
[White "Tsuboyama, Devi:Sweetclover14"]
[Black "HARTSEL, AUGUST:augustha"]
[Result "0-1"]
[ICCResult "White checkmated"]
[WhiteElo "515"]
[BlackElo "670"]
[Opening "French: Two knights variation"]
[ECO "C00"]
[NIC "FR.01"]
[Time "10:02:40"]
[PlyCount "94"]
[TimeControl "3600+10"]

1. e4 e6 2. Nf3 d5 3. Nc3 Nf6 4. Bb5+ c6 5. Ba4 dxe4 6. Ng5 e3 7. dxe3
Qxd1+ 8. Nxd1 Be7 9. O-O O-O 10. Bd2 h6 11. Nf3 Ne4 12. Bc3 b5 13. Bb3 b4
14. Bd4 Bc5 15. Bxc5 Nxc5 16. Bc4 Ba6 17. Bxa6 Nbxa6 18. c3 Rab8 19. cxb4
Rxb4 20. Nc3 Rxb2 21. Nd4 Rb6 22. h3 Nb4 23. Rab1 Rfb8 24. a3 Nd5 25. Nc2
Nxc3 26. Rbc1 Rb1 27. Kh2 Rxc1 28. Rxc1 N3e4 29. f3 Nd6 30. Nd4 Nb3 31.
Nxb3 Rxb3 32. Rxc6 Rb6 33. Rc7 Nb5 34. Rc5 Nxa3 35. Rc8+ Kh7 36. e4 a5 37.
Ra8 Nc4 38. f4 Rb4 39. Rc8 a4 40. e5 a3 41. f5 exf5 42. e6 fxe6 43. Re8 a2
44. g4 a1=Q 45. gxf5 Qe5+ 46. Kg2 Rb2+ 47. Kh1 Qe1# { White checkmated }
0-1

[Event "ICC tourney 2520 (60 10)"]
[Site "Internet Chess Club"]
[Date "2021.04.18"]
[Round "4"]
[White "SHAH, ANAND GAUTAM:AnandShah"]
[Black "LEUNG, OLIVIA:OliviaL"]
[Result "0-1"]
[ICCResult "White checkmated"]
[WhiteElo "100"]
[BlackElo "458"]
[Opening "KP: Indian opening"]
[ECO "C20"]
[NIC "KP.10"]
[Time "10:02:44"]
[PlyCount "96"]
[TimeControl "3600+10"]

1. e4 e5 2. d3 Nc6 3. f3 Nf6 4. Be2 Bc5 5. Bd2 Bxg1 6. Rxg1 O-O 7. Rh1 d6
8. Nc3 Be6 9. Nb5 a6 10. Nc3 Qd7 11. Na4 Nd4 12. Bf1 Qxa4 13. b3 Qc6 14. h3
Nxc2+ 15. Ke2 Nxa1 16. Qxa1 Rad8 17. Bb4 Rfe8 18. g3 h6 19. g4 Qb5 20. Ba5
Qxa5 21. Qb1 c6 22. b4 Bxa2 23. Qb2 Qa4 24. b5 axb5 25. Bg2 d5 26. exd5
Rxd5 27. h4 Qb3 28. Qc1 Qb1 29. Qd2 Qb3 30. Qe1 Qb2+ 31. Kd1 Qxg2 32. Qe3
Qxh1+ 33. Ke2 Qxh4 34. d4 exd4 35. f4 Nxg4 36. f5 Nxe3 37. f6 gxf6 38. Kf3
Nc4 39. Kg2 Qe4+ 40. Kh3 Qf4 41. Kg2 Qe3 42. Kh1 Qe2 43. Kg1 Kg7 44. Kh1
Kg6 45. Kg1 Kg5 46. Kh1 Kf4 47. Kg1 Kf3 48. Kh1 Qg2# { White checkmated }
0-1

[Event "ICC tourney 2520 (60 10)"]
[Site "Internet Chess Club"]
[Date "2021.04.18"]
[Round "4"]
[White "RYSIN, MARK G:LionsMarkR"]
[Black "SINGH, AKSHAT:akshatsingh475"]
[Result "1-0"]
[ICCResult "Black checkmated"]
[WhiteElo "795"]
[BlackElo "623"]
[Opening "French: advance, Paulsen attack"]
[ECO "C02"]
[NIC "FR.03"]
[Time "10:02:39"]
[PlyCount "161"]
[TimeControl "3600+10"]

1. e4 e6 2. d4 d5 3. e5 c5 4. c3 Nc6 5. Nf3 Nge7 6. Bg5 Qb6 7. Qc2 Ng6 8.
Be3 Be7 9. Nbd2 O-O 10. Bd3 c4 11. Bxg6 fxg6 12. Nxc4 dxc4 13. d5 Bc5 14.
Bxc5 Qxc5 15. dxc6 Qxc6 16. O-O b6 17. Nd4 Qd5 18. Nf3 Bb7 19. Rad1 Qc6 20.
Rd6 Qe8 21. Ng5 Bd5 22. Qd2 Rd8 23. Rxd8 Qxd8 24. Rd1 Qc8 25. Qc2 Qc5 26.
Nh3 Rf5 27. Re1 g5 28. g3 g4 29. Nf4 g5 30. Nxd5 Qxd5 31. Qe2 Qc5 32. Qe3
Qxe3 33. Rxe3 Rf3 34. Re4 Rf5 35. Rxc4 Rxe5 36. Rxg4 h5 37. Ra4 Re2 38.
Rxa7 Rxb2 39. Ra6 g4 40. Kg2 Kf7 41. a4 Kf6 42. Ra7 e5 43. Rb7 Ke6 44. a5
Kd6 45. Rxb6+ Rxb6 46. axb6 Kc6 47. f3 Kxb6 48. h3 Kc6 49. hxg4 hxg4 50.
fxg4 Kd6 51. g5 Ke6 52. Kf3 Kf5 53. c4 Kxg5 54. Ke4 Kf6 55. c5 Ke6 56. g4
Kf6 57. g5+ Kxg5 58. Kxe5 Kg6 59. c6 Kf7 60. c7 Ke7 61. c8=Q Kf7 62. Qd8
Kg6 63. Qe7 Kh5 64. Qf6 Kg4 65. Qh6 Kf3 66. Qg5 Ke2 67. Qf4 Kd3 68. Qf2 Kc4
69. Qe3 Kb4 70. Qd3 Kc5 71. Qe4 Kb5 72. Qd4 Kc6 73. Ke6 Kb5 74. Qc3 Kb6 75.
Qc4 Kb7 76. Qc5 Kb8 77. Qc6 Ka7 78. Qb5 Ka8 79. Kd6 Ka7 80. Kc7 Ka8 81.
Qb7# { Black checkmated } 1-0

[Event "ICC tourney 2520 (60 10)"]
[Site "Internet Chess Club"]
[Date "2021.04.18"]
[Round "4"]
[White "NOGI, JASPER:JasperN"]
[Black "TARDIEU, NICOLAS:ToughWinner"]
[Result "0-1"]
[ICCResult "White checkmated"]
[WhiteElo "330"]
[BlackElo "568"]
[Opening "Queen's pawn: stonewall attack"]
[ECO "D00"]
[NIC "QP.08"]
[Time "10:02:19"]
[PlyCount "152"]
[TimeControl "3600+10"]

1. d4 d5 2. e3 Nf6 3. Bd3 Bg4 4. Nf3 e6 5. Nc3 c5 6. Bd2 cxd4 7. exd4 Nc6
8. h3 Bxf3 9. Qxf3 Nxd4 10. Qe3 Bc5 11. Bb5+ Nd7 12. Qd3 a6 13. Bxd7+ Qxd7
14. Be3 e5 15. f3 O-O 16. O-O-O b5 17. Nb1 a5 18. c3 Ne6 19. Bxc5 Nxc5 20.
Qxd5 Qe7 21. Qd6 Qxd6 22. Rxd6 e4 23. fxe4 Nxe4 24. Rd4 Nf6 25. Re1 Rfe8
26. Kd1 Rxe1+ 27. Kxe1 Re8+ 28. Kd1 h6 29. Nd2 Nh5 30. g4 Ng3 31. Rd3 Nh1
32. Rf3 g6 33. Rf1 Ng3 34. Rf4 Rf8 35. Ke1 f5 36. Rf3 Ne4 37. Nxe4 fxe4 38.
Re3 Re8 39. Kf2 Kf7 40. Kg3 g5 41. h4 Kf6 42. hxg5+ hxg5 43. Kh3 Ke5 44.
Kg3 Kd5 45. Kf2 Ke6 46. b4 Kd6 47. bxa5 Kc6 48. a6 Kb6 49. Ke2 Kxa6 50. Kd2
Ka5 51. Kc2 Ka4 52. Kb2 b4 53. cxb4 Kxb4 54. a3+ Ka4 55. Ka2 Re5 56. Kb2
Rb5+ 57. Ka2 Re5 58. Kb1 Ka5 59. Kc2 Rc5+ 60. Kd2 Rc4 61. Kd1 Ka4 62. Ke2
Kb5 63. Kf2 Kc5 64. Kg3 Kd4 65. Re2 Ra4 66. Kf2 Rxa3 67. Ke1 e3 68. Kf1 Ke4
69. Kg2 Kf4 70. Kh3 Kf3 71. Re1 Kf2 72. Rc1 Ra5 73. Rb1 e2 74. Rb2 Ra3+ 75.
Kh2 Rg3 76. Kh1 Rh3# { White checkmated } 0-1